 Dungeon Crawl Stone Soup version 0.20.1-1-g8b1a95d (webtiles) character file.

88178 vishdafish the Impaler (level 15, -6/100 HPs)
             Began as a Gargoyle Fighter on July 5, 2017.
             Was the Champion of Jiyva.
             Killed by divine providence
             ... invoked by a meliai
              (12 damage)
             ... on level 15 of the Dungeon.
             The game lasted 00:55:26 (24313 turns).

vishdafish the Impaler (Gargoyle Fighter)          Turns: 24313, Time: 00:55:26

Health: -6/100     AC: 27    Str: 25    XL:     15   Next: 93%
Magic:  15/15      EV: 10    Int: 11    God:    Jiyva [******]
Gold:   1031       SH: 13    Dex: 10    Spells: 14/14 levels left

rFire    . . .     SeeInvis +   w - +3 trident "Nabbeush" {flame, rC+}
rCold    + + .     Gourm    .   c - +0 shield
rNeg     + . .     Faith    .   b - +0 scale mail
rPois    ∞         Spirit   .   x - +2 helmet
rElec    +         Reflect  .   y - +0 cloak
rCorr    +         Harm     .   m - +0 pair of gloves
MR       +....     Clarity  +   (no boots)
Stlth    ..........             Q - amulet of regeneration
Regen    0.7/turn               t - ring of see invisible
MPRegen  0.2/turn               (no ring)

@: no status effects
A: big wings, clarity, clever 1, cold resistance 1, negative energy resistance
1, electricity resistance, unbreathing, petrification resistance, rot immunity,
AC +11
a: Fly, Request Jelly, Slimify, Cure Bad Mutation, Renounce Religion


You were on level 15 of the Dungeon.
You worshipped Jiyva.
Jiyva was exalted by your worship.
You were not hungry.

You visited 3 branches of the dungeon, and saw 22 of its levels.
You visited 1 bazaar.
You also visited: Labyrinth.

You collected 1255 gold pieces.
You spent 224 gold pieces at shops.

Inventory:

Hand Weapons
 w - the +3 trident "Nabbeush" (weapon) {flame, rC+}
   (You found it in a labyrinth)

   It has been specially enchanted to burn those struck by it, causing extra
   injury to most foes and up to half again as much damage against particularly
   susceptible opponents.
   It protects you from cold.
Armour
 b - a +0 scale mail (worn)
 c - a +0 shield (worn)
 m - a +0 pair of gloves (worn)
 x - a +2 helmet (worn)
 y - a +0 cloak (worn)
 H - a +2 hat
Jewellery
 a - a +3 ring of evasion
 t - a ring of see invisible (left hand)
 Q - an amulet of regeneration (around neck)
Wands
 k - a wand of digging (11/24)
 o - a wand of random effects (24/48)
 K - a wand of confusion (18/48)
 R - a wand of flame (20/48)
 U - a wand of flame (28/48)
 V - a wand of paralysis (14/24)
 W - a wand of disintegration (11/24)
Scrolls
 d - a scroll of holy word {unknown}
 f - 3 scrolls of enchant weapon
 i - 6 scrolls of teleportation
 l - 4 scrolls of recharging
 n - 7 scrolls of remove curse
 s - a scroll of blinking
 B - a scroll of acquirement {unknown}
 D - a scroll of immolation {unknown}
 F - a scroll of brand weapon {unknown}
 G - 2 scrolls of fog {unknown}
 L - 2 scrolls of identify
 M - 2 scrolls of fear {unknown}
 N - 4 scrolls of amnesia {unknown}
Potions
 p - 5 potions of curing
 q - a potion of flight
 r - 2 potions of cancellation
 z - 2 potions of brilliance
 C - 2 potions of magic
 I - a potion of invisibility
 J - 3 potions of degeneration {unknown}
 O - 2 potions of agility
 T - 2 potions of lignification {unknown}
Books
 e - Roxanne's Reference Book on the Rocks
   (You took it off Roxanne on level 15 of the Dungeon)

   Spells                             Type                      Level
   a - Leda's Liquefaction            Hexes/Earth                  4
   b - Statue Form                    Transmutation/Earth          6
   c - Shatter                        Earth                        9
 u - a book of Spatial Translocations

   Spells                             Type                      Level
   a - Blink                          Translocation                2
   b - Shroud of Golubria             Charms/Translocation         2
   c - Lesser Beckoning               Translocation                3
   d - Gell's Gravitas                Translocation                3
   e - Teleport Other                 Translocation                3
   f - Passage of Golubria            Translocation                4
 A - a book of Geomancy

   Spells                             Type                      Level
   a - Sandblast                      Earth                        1
   b - Passwall                       Transmutation/Earth          2
   c - Stone Arrow                    Conjuration/Earth            3
   d - Petrify                        Transmutation/Earth          4
   e - Lee's Rapid Deconstruction     Earth                        5
 P - a book of Minor Magic

   Spells                             Type                      Level
   a - Magic Dart                     Conjuration                  1
   b - Blink                          Translocation                2
   c - Call Imp                       Summoning                    2
   d - Slow                           Hexes                        2
   e - Conjure Flame                  Conjuration/Fire             3
   f - Mephitic Cloud                 Conjuration/Poison/Air       3
 S - a book of Flames

   Spells                             Type                      Level
   a - Flame Tongue                   Conjuration/Fire             1
   b - Throw Flame                    Conjuration/Fire             2
   c - Conjure Flame                  Conjuration/Fire             3
   d - Inner Flame                    Hexes/Fire                   3
   e - Sticky Flame                   Conjuration/Fire             4
   f - Fireball                       Conjuration/Fire             5
Miscellaneous
 Y - a phantom mirror
Comestibles
 g - 13 meat rations
 h - 9 royal jellies
 E - 11 bread rations
 Z - 20 fruits


   Skills:
 + Level 13.7 Fighting
 * Level 15.7 Polearms
 + Level 13.8 Armour
 + Level 13.8 Shields


You had 14 spell levels left.
You didn't know any spells.

Dungeon Overview and Level Annotations

Branches:
Dungeon (15/15)            Temple (1/1) D:5            Lair (6/6) D:10
  Swamp (0/4) Lair:2       Spider (0/4) Lair:4        Slime (0/5) Lair:5
    Orc (0/2) D:10         Vaults (0/5) D:14
 Depths: D:15

Altars:
Ashenzari
Cheibriados
Dithmenos
Elyvilon
Fedhas
Gozag
Hepliaklqana
Kikubaaqudgha
Makhleb
Nemelex Xobeh
Okawaru
Qazlal
Ru
Sif Muna
Trog
Uskayaw
Vehumet
Xom
Yredelemnul
Zin
The Shining One
Jiyva

Shops:
D:6 %   D:7 =!*   D:8 *   D:9 ?   D:14 *

Annotations:
Lair:6 exclusion: 4 oklob plants


Innate Abilities, Weirdness & Mutations

You are resistant to torment.
Your stone body is resilient. (AC +11)
You are immune to poison.
Your large and strong wings let you fly indefinitely.
You resist negative energy. (rN+)
You are resistant to electric shocks. (rElec)
You can survive without breathing.
You are immune to petrification.
You are immune to rotting.
You possess an exceptional clarity of mind.
Your mind is acute. (Int +2)
Your flesh is cold resistant. (rC+)


Message History

You are too injured to fight recklessly!
You are too injured to fight recklessly!
You are too injured to fight recklessly!
You are too injured to fight recklessly!
You are too injured to fight recklessly!
You are too injured to fight recklessly!
You are too injured to fight recklessly!
You are too injured to fight recklessly!
You are too injured to fight recklessly!
You are too injured to fight recklessly!
You are too injured to fight recklessly!
The meliai calls upon its god to heal the meliai.
The meliai's wounds heal themselves!
The yaktaur shoots a bolt.
The bolt hits you!!
* * * LOW HITPOINT WARNING * * *
You shudder from the blast and a jelly pops out!
You see here a bolt.
The meliai mumbles some strange prayers to its god against you.
Something smites you!
You die...

#.#######
#.......#
#######.#
##.##
###...#####
#.........#
#.#.J.###.#
# ..
#.##.##
#.#.##.## #
#.#
#@#.....#
#.#
#(J.....#
#.#
#(#######
#. #)# #c#
#y# #y. #.#
#.#


You could see a yaktaur, 2 meliai and a friendly azure jelly.

Vanquished Creatures
  Roxanne (D:15)
  3 ghouls (D:14)
  The ghost of CalmDownMonkey the Grappler, a journeyman TrMo of Makhleb (Lair:3)
  A minotaur (Lab)
  Harold (Lair:1)
  12 hydras
  3 catoblepae (Lair:6)
  9 two-headed ogres
  2 dancing weapons (D:14)
  12 death yaks
  An ogre mage (D:15)
  A skeletal warrior (D:15)
  A lindwurm (Lair:6)
  A swamp dragon (Lair:6)
  Pikel (D:6)
  3 deep elf magi
  3 manticores
  6 ugly things
  A cyclops (D:13)
  4 black mambas
  8 elephants
  Psyche (D:8)
  A torpor snail (Lair:6)
  2 gargoyles
  10 komodo dragons
  16 spiny frogs
  2 rime drakes
  3 yaktaurs (D:13)
  A freezing wraith (D:14)
  3 trolls
  The ghost of Baril the Magician, a novice DESu of Sif Muna (D:6)
  2 polar bears (Lair:6)
  3 meliai (D:14)
  9 dream sheep
  A slime creature (Lair:5)
  17 blink frogs
  8 hippogriffs
  A shadow (D:12)
  Sigmund (D:5)
  A spriggan (D:12)
  A vampire (D:11)
  A wraith (D:12)
  67 yaks
  2 wyverns
  3 hungry ghosts
  4 steam dragons (Lair:6)
  4 basilisks
  6 vampire mosquitoes
  Edmund (D:6)
  An acid dragon (D:12)
  3 insubstantial wisps (Lair:2)
  A soldier ant (D:12)
  8 water moccasins
  Duvessa (D:6)
  10 porcupines
  3 black bears
  6 orc warriors
  A phantom (D:4)
  2 sky beasts
  2 slaves (D:6)
  5 ice beasts
  A necrophage (D:13)
  7 ogres
  6 centaurs
  7 wolves
  10 crocodiles
  3 big kobolds
  A wyvern zombie (D:12)
  14 bullfrogs
  Dowan (D:6)
  A water moccasin zombie (D:8)
  4 scorpions
  A water moccasin skeleton (D:5)
  A wyvern skeleton (D:14)
  6 wights
  11 killer bees
  5 howler monkeys
  4 centaur zombies
  4 lava snakes (Lab)
  5 crimson imps
  3 bullfrog zombies
  3 quasits
  7 centaur skeletons
  8 hounds
  Crazy Yiuf (D:5)
  A jelly (D:7)
  13 orc wizards
  5 orc priests
  A bullfrog skeleton (D:12)
  7 iguanas
  Ijyb (D:3)
  Terence (D:3)
  8 worker ants
  A hell rat (D:10)
  A hound zombie (D:4)
  A howler monkey zombie (D:7)
  A worker ant zombie (D:11)
  A howler monkey skeleton (D:10)
  12 adders
  A river rat (D:10)
  4 shadow imps
  2 oozes
  An adder skeleton (D:4)
  6 worms
  2 dart slugs
  9 leopard geckos
  49 orcs
  5 bats
  5 giant cockroaches
  7 goblins
  8 hobgoblins
  16 jackals
  9 quokkas
  5 frilled lizards
  20 kobolds
  A leopard gecko zombie (D:5)
  A quokka skeleton (D:7)
  7 rats
  A plant (Lair:6)
617 creatures vanquished.

Vanquished Creatures (collateral kills)
  A skeletal warrior (D:15)
  A cyclops (D:14)
  2 yaktaurs (D:13)
  A mummy (D:15)
5 creatures vanquished.

Vanquished Creatures (others)
  A ghoul (D:15)
  4 oklob plants (Lair:6)
  2 komodo dragons
  A rime drake (Lair:6)
  A harpy zombie (D:14)
  4 slime creatures
  A meliai zombie (D:15)
  A wraith (D:14)
  A steam dragon (Lair:6)
  A swamp drake (Lair:6)
  An orc warrior (D:14)
  2 sky beasts
  A hornet zombie (D:14)
  A slave (D:6)
  2 centaurs (D:14)
  An eye of draining (shapeshifter) (D:13)
  A bullfrog (D:14)
  2 wights (D:12)
  60 jellies
  An iguana (Lair:6)
  A shadow imp (D:12)
  10 fungi
  13 plants
113 creatures vanquished.

Grand Total: 735 creatures vanquished

Notes
Turn   | Place    | Note
-------+----------+-------------------------------------------
     0 | D:1      | vishdafish the Gargoyle Fighter began the quest for the Orb.
     0 | D:1      | Reached XP level 1. HP: 14/14 MP: 1/1
   449 | D:1      | Reached XP level 2. HP: 19/19 MP: 2/2
  1097 | D:1      | Reached skill level 2 in Polearms
  1626 | D:2      | Reached XP level 3. HP: 24/24 MP: 3/3
  2039 | D:2      | Reached XP level 4. HP: 29/29 MP: 4/4
  2117 | D:2      | Found a glowing silver altar of Zin.
  2430 | D:3      | Noticed Terence
  2444 | D:3      | Killed Terence
  2478 | D:3      | Reached XP level 5. HP: 31/33 MP: 5/5
  2691 | D:3      | Noticed Ijyb
  2712 | D:3      | Killed Ijyb
  2712 | D:3      | Reached skill level 3 in Polearms
  2800 | D:3      | Found a hide-covered altar of Uskayaw.
  3028 | D:4      | Reached XP level 6. HP: 27/39 MP: 6/6
  3050 | D:4      | Found a hazy altar of Hepliaklqana.
  3360 | D:4      | Reached skill level 4 in Polearms
  3463 | D:4      | Reached XP level 7. HP: 42/44 MP: 7/7
  3699 | D:4      | Reached skill level 5 in Fighting
  3699 | D:4      | Reached skill level 5 in Armour
  3803 | D:4      | Reached skill level 5 in Shields
  3857 | D:5      | Entered Level 5 of the Dungeon
  3857 | D:5      | Found a staircase to the Ecumenical Temple.
  3931 | Temple   | Entered the Ecumenical Temple
  4200 | D:5      | Noticed Sigmund
  4225 | D:5      | Killed Sigmund
  4225 | D:5      | Reached skill level 5 in Polearms
  4246 | D:5      | Reached XP level 8. HP: 37/50 MP: 8/8
  4321 | D:5      | Found a runed door.
  4325 | D:5      | Noticed Crazy Yiuf
  4333 | D:5      | Killed Crazy Yiuf
  5320 | D:6      | Found a stormy altar of Qazlal.
  5323 | D:6      | Noticed a water elemental
  5323 | D:6      | Noticed an air elemental
  5384 | D:6      | Noticed Duvessa
  5386 | D:6      | Noticed Dowan
  5395 | D:6      | Killed Duvessa
  5395 | D:6      | Reached skill level 6 in Polearms
  5413 | D:6      | Killed Dowan
  5618 | D:6      | Noticed Pikel
  5661 | D:6      | Killed Pikel
  5661 | D:6      | Reached XP level 9. HP: 28/56 MP: 9/9
  5950 | D:6      | Found Owaycweng's Food Shoppe.
  5984 | D:6      | Noticed Edmund
  6007 | D:6      | Killed Edmund
  6007 | D:6      | Reached skill level 7 in Polearms
  6030 | D:6      | Noticed Baril's ghost (novice DESu)
  6053 | D:6      | Killed Baril's ghost
  6551 | D:7      | Found Haonea's Distillery.
  6879 | D:7      | Bought 2 potions of mutation for 224 gold pieces
  6897 | D:7      | Found Cazeyvar's Jewellery Boutique.
  7087 | D:7      | Found an opulent altar of Gozag.
  7124 | D:7      | Found Hasmipui's Assorted Antiques.
  7454 | D:7      | Reached skill level 8 in Polearms
  7483 | D:7      | Reached XP level 10. HP: 62/63 MP: 10/10
  7564 | D:7      | Found a sacrificial altar of Ru.
  7567 | D:7      | Found a shadowy altar of Dithmenos.
  7983 | D:8      | Noticed Psyche
  7997 | D:8      | Paralysed by Psyche for 2 turns
  8002 | D:8      | Killed Psyche
  8167 | D:8      | Noticed a two-headed ogre
  8177 | D:8      | Killed a two-headed ogre
  8177 | D:8      | Reached skill level 9 in Polearms
  8558 | D:8      | Found Saxeul Jesi's General Store.
  8821 | D:9      | Noticed a two-headed ogre
  8839 | D:9      | Killed a two-headed ogre
  9038 | D:9      | Reached XP level 11. HP: 32/69 MP: 11/11
  9254 | D:9      | Found Widd's Magic Scroll Boutique.
  9622 | D:10     | Entered Level 10 of the Dungeon
  9960 | D:10     | Noticed a death yak
  9961 | D:10     | Noticed a death yak
  9961 | D:10     | Noticed a death yak
 10259 | D:11     | Noticed a five-headed hydra
 10339 | D:11     | Found a hide-covered altar of Uskayaw.
 10637 | D:10     | Killed a death yak
 10899 | D:10     | Found a staircase to the Orcish Mines.
 10920 | D:10     | Reached skill level 10 in Polearms
 10984 | D:10     | Found a staircase to the Lair.
 11105 | Lair:1   | Entered Level 1 of the Lair of Beasts
 11237 | Lair:1   | Noticed Harold
 11272 | Lair:1   | Killed Harold
 12769 | Lair:2   | Reached skill level 10 in Shields
 12827 | Lair:2   | Got a slimy rapier
 12828 | Lair:2   | Identified the +4 rapier of Melee {antimagic, Dex+6 Stlth+} (You found it on level 2 of the Lair of Beasts)
 12954 | Lair:2   | Reached skill level 11 in Polearms
 12954 | Lair:2   | Reached XP level 12. HP: 64/77 MP: 12/12
 12978 | Lair:2   | Reached skill level 10 in Fighting
 12984 | Lair:2   | Found a staircase to the Swamp.
 13153 | Lair:2   | Reached skill level 10 in Armour
 13444 | Lair:3   | Noticed CalmDownMonkey's ghost (journeyman TrMo)
 13474 | Lair:3   | Killed CalmDownMonkey's ghost
 13919 | Lair:3   | Got a shimmering mace
 13920 | Lair:3   | Identified the +9 mace of Nuebluycs {holy, rC+ MR+ MP+9} (You found it on level 3 of the Lair of Beasts)
 14717 | Lair:4   | Reached skill level 12 in Polearms
 15047 | Lair:4   | Found a hole to the Spider Nest.
 15068 | Lair:4   | Noticed a six-headed hydra
 15081 | Lair:4   | Killed a six-headed hydra
 15282 | Lair:3   | Reached XP level 13. HP: 63/84 MP: 13/13
 16030 | Lair:5   | Found a labyrinth entrance.
 16073 | Lab      | Entered a labyrinth
 16562 | Lab      | Noticed a minotaur
 16577 | Lab      | Killed a minotaur
 16580 | Lab      | Got a warped spear {pierce}
 16587 | Lab      | Got a pair of ancient boots
 16593 | Lab      | Identified the cursed -3 pair of boots of Daisies {rN+} (You found it in a labyrinth)
 16604 | Lab      | Got a brightly glowing trident
 16605 | Lab      | Identified the cursed +3 trident "Nabbeush" {flame, rC+} (You found it in a labyrinth)
 16616 | Lab      | Identified the cursed +1 spear "Cakav" {pierce, rN++ Dex+6 Stlth-} (You took it off a minotaur in a labyrinth)
 17077 | Lair:5   | Reached skill level 13 in Polearms
 17713 | Lair:5   | Found a runed door.
 17715 | Lair:5   | Found a viscous altar of Jiyva.
 17715 | Lair:5   | Noticed an acid blob
 17718 | Lair:5   | Found a staircase to the Slime Pits.
 17718 | Lair:5   | Noticed an acid blob
 17888 | Lair:5   | Became a worshipper of Jiyva Jasih the Shapeless
 18082 | Lair:5   | Reached * piety under Jiyva
 18175 | Lair:6   | Entered Level 6 of the Lair of Beasts
 18204 | Lair:6   | Gained mutation: Your large and strong wings let you fly indefinitely. [Gargoyle growth]
 18204 | Lair:6   | Reached XP level 14. HP: 70/92 MP: 14/14
 18399 | Lair:6   | Got a pitted lajatang
 18454 | Lair:6   | Identified the +7 lajatang "Rasac Foovi" {flame, +Blink Int-2 SInv} (You found it on level 6 of the Lair of Beasts)
 18517 | Lair:6   | Reached ** piety under Jiyva
 18670 | Lair:6   | Reached *** piety under Jiyva
 18674 | Lair:6   | Gained mutation: Your translucent skin slightly reduces your foes' accuracy. (Stealth) [Jiyva's grace]
 18854 | Lair:6   | Gained mutation: You have acidic saliva. [Jiyva's grace]
 18880 | Lair:6   | Reached **** piety under Jiyva
 19023 | Lair:6   | Gained mutation: You have a small jelly attached to you that senses nearby items. [Jiyva's grace]
 19319 | Lair:6   | Reached skill level 14 in Polearms
 19381 | Lair:6   | Reached ***** piety under Jiyva
 20429 | D:6      | Gained mutation: You are partially covered in iridescent scales. (AC +2) [Jiyva's grace]
 21063 | D:11     | Gained mutation: You have a small jelly attached to you that may absorb incoming projectiles. [Jiyva's grace]
 21090 | D:11     | Reached ****** piety under Jiyva
 21261 | D:11     | Reached XP level 15. HP: 59/97 MP: 15/15
 21316 | D:11     | Lost mutation: You are partially covered in iridescent scales. (AC +2) [Jiyva's grace]
 21959 | D:12     | Gained mutation: Your mind is acute. (Int +2) [Jiyva's grace]
 22134 | D:13     | Reached skill level 15 in Polearms
 22149 | D:13     | Lost mutation: You have acidic saliva. [Jiyva's grace]
 22503 | D:13     | Noticed a sphinx
 22597 | D:13     | Found a flickering gateway to a bazaar.
 22606 | Bazaar   | Entered a bazaar
 22606 | Bazaar   | Found Kuevy's Weapon Shoppe.
 22606 | Bazaar   | Found Joshivao's Antique Armour Emporium.
 22611 | Bazaar   | Found Somam's Weapon Emporium.
 22624 | Bazaar   | Found Tiubof's Assorted Antiques.
 22800 | D:14     | Gained mutation: You are agile. (Dex +2) [Jiyva's grace]
 22823 | D:14     | Found a shattered altar of Ashenzari.
 22970 | D:13     | Gained mutation: You are robust. (+10% HP) [mutagenic meat]
 22971 | D:13     | Lost mutation: You are robust. (+10% HP) [mutagenic meat]
 22972 | D:13     | Lost mutation: Your mind is acute. (Int +2) [mutagenic meat]
 23040 | D:14     | Found Wieffeh's Assorted Antiques.
 23078 | D:14     | Found a gate to the Vaults.
 23407 | D:14     | Gained mutation: Armour fits poorly on your strangely shaped body. [Jiyva's grace]
 23560 | D:14     | Found a snail-covered altar of Cheibriados.
 23741 | D:15     | Entered Level 15 of the Dungeon
 23741 | D:15     | Noticed Roxanne
 23754 | D:15     | Noticed a ghoul
 23756 | D:15     | Killed Roxanne
 23766 | D:15     | Killed a ghoul
 23769 | D:15     | Identified Roxanne's Reference Book on the Rocks (You took it off Roxanne on level 15 of the Dungeon)
 23794 | D:15     | Noticed a ghoul
 23796 | D:15     | Noticed a ghoul
 23797 | D:15     | Noticed a ghoul
 23820 | D:14     | Lost mutation: Armour fits poorly on your strangely shaped body. [potion of mutation]
 23820 | D:14     | Lost mutation: Your translucent skin slightly reduces your foes' accuracy. (Stealth) [potion of mutation]
 23820 | D:14     | Lost mutation: You have a small jelly attached to you that senses nearby items. [potion of mutation]
 23820 | D:14     | Gained mutation: You are occasionally teleported next to monsters. [potion of mutation]
 23820 | D:14     | Lost mutation: You are occasionally teleported next to monsters. [potion of mutation]
 23820 | D:14     | Lost mutation: You are agile. (Dex +2) [potion of mutation]
 23820 | D:14     | Gained mutation: Your muscles are strong. (Str +2) [potion of mutation]
 23822 | D:14     | Lost mutation: Your muscles are strong. (Str +2) [potion of mutation]
 23822 | D:14     | Lost mutation: You have a small jelly attached to you that may absorb incoming projectiles. [potion of mutation]
 23822 | D:14     | Gained mutation: You have sharp fingernails. [potion of mutation]
 23822 | D:14     | Gained mutation: You are surrounded by a mild repulsion field. (EV +2) [potion of mutation]
 23822 | D:14     | Gained mutation: Your muscles are strong. (Str +2) [potion of mutation]
 23823 | D:14     | Lost mutation: You are surrounded by a mild repulsion field. (EV +2) [potion of mutation]
 23823 | D:14     | Lost mutation: Your muscles are strong. (Str +2) [potion of mutation]
 23823 | D:14     | Lost mutation: You have sharp fingernails. [potion of mutation]
 23823 | D:14     | Gained mutation: Potions are less effective at restoring your health. [potion of mutation]
 23823 | D:14     | Gained mutation: Your body sometimes deteriorates upon taking damage. [potion of mutation]
 23823 | D:14     | Gained mutation: You are somewhat resistant to further mutation. [potion of mutation]
 23824 | D:14     | Lost mutation: Your body sometimes deteriorates upon taking damage. [potion of mutation]
 23825 | D:14     | Lost mutation: Potions are less effective at restoring your health. [potion of mutation]
 23825 | D:14     | Lost mutation: You are somewhat resistant to further mutation. [potion of mutation]
 23825 | D:14     | Gained mutation: Armour fits poorly on your strangely shaped body. [potion of mutation]
 23825 | D:14     | Gained mutation: You are agile. (Dex +2) [potion of mutation]
 23826 | D:14     | Lost mutation: Armour fits poorly on your strangely shaped body. [potion of mutation]
 23826 | D:14     | Lost mutation: You are agile. (Dex +2) [potion of mutation]
 23826 | D:14     | Gained mutation: Your flesh is cold resistant. (rC+) [potion of mutation]
 23826 | D:14     | Gained mutation: You possess an exceptional clarity of mind. [potion of mutation]
 24000 | D:14     | Killed a ghoul
 24027 | D:14     | Killed a ghoul
 24053 | D:14     | Killed a ghoul
 24245 | D:15     | Gained mutation: Your mind is acute. (Int +2) [Jiyva's grace]
 24312 | D:15     | HP: 5/100 [yaktaur/bolt (27)]
 24313 | D:15     | Killed from afar by a meliai

Skill      XL: |  1  2  3  4  5  6  7  8  9 10 11 12 13 14 15 |
---------------+----------------------------------------------+-----
Polearms       | 2 3 4 5 6 8 9 11 12 13 14 15 | 15.7
Armour         | 4 5 6 7 8 9 10 11 13 | 13.8
Fighting       | 4 5 6 7 8 9 10 12 13 | 13.7
Shields        | 4 5 6 7 8 10 11 12 13 | 13.8

Action                   |  1- 3 |  4- 6 |  7- 9 | 10-12 | 13-15 || total
-------------------------+-------+-------+-------+-------+-------++-------
Melee: Trident           |    19 |       |       |       |  1749 ||  1768
       Spear             |    76 |   256 |   603 |  1474 |   162 ||  2571
       Bite              |       |       |       |       |    93 ||    93
Evoke: Wand              |       |       |       |     9 |     9 ||    18
  Use: Scroll            |       |       |     7 |     8 |    13 ||    28
       Potion            |       |       |       |     4 |    17 ||    21
 Stab: Invisible         |       |       |       |       |     7 ||     7
       Petrified         |       |       |       |       |    16 ||    16
       Petrifying        |       |       |       |       |     2 ||     2
       Distracted        |       |       |       |       |     2 ||     2
       Paralysed         |       |       |       |       |     2 ||     2
  Eat: Bread ration      |     1 |       |     1 |       |     1 ||     3
       Chunk             |       |     3 |     9 |    22 |    10 ||    44
       Fruit             |       |       |       |     7 |       ||     7
       Royal jelly       |       |       |       |     1 |     1 ||     2
Armor: Scale mail        |    22 |    94 |   216 |   496 |   697 ||  1525
Dodge: Dodged            |    15 |    60 |   122 |   278 |   439 ||   914
Block: Shield            |    20 |   116 |   238 |   598 |   852 ||  1824
